 Dungeon Crawl Stone Soup version 0.25-a0-589-g1e14c549ee (webtiles) character file.

Game seed: 13818207594985539149, levelgen mode: deterministic

129 Danqa the Sneak (level 4, 0/23 HPs)
             Began as a Spriggan Enchanter on Mar 11, 2020.
             Slain by an orc
             ... wielding a +0 trident
              (7 damage)
             ... on level 4 of the Dungeon.
             The game lasted 00:10:35 (3746 turns).

Danqa the Sneak (Spriggan Enchanter)                Turns: 3746, Time: 00:10:36

Health: 0/23       AC:  2    Str:  4    XL:     4   Next: 88%
Magic:  1/9        EV: 21    Int: 19    God:
Gold:   165        SH:  2    Dex: 16    Spells: 6/9 levels left

rFire    . . .     SeeInvis +   n - +1 dagger (distort)
rCold    . . .     Gourm    .   (shield restricted)
rNeg     + . .     Faith    .   b - +0 robe
rPois    .         Spirit   .   (helmet restricted)
rElec    .         Reflect  +   (no cloak)
rCorr    .         Harm     .   (gloves unavailable)
MR       .....                  (boots unavailable)
Stlth    +++.......             c - +2 amulet of reflection
HPRegen  0.07/turn              m - ring of positive energy
MPRegen  0.11/turn              (no ring)

@: very quick
A: very small, unfitting armour, repulsion field 1, see invisible, clever 1,
herbivore, speed 3, low mp 1, robust 1, slow metabolism 2
a: no special abilities


You were on level 4 of the Dungeon.
You were hungry.

You visited 1 branch of the dungeon, and saw 4 of its levels.

You collected 165 gold pieces.

Inventory:

Hand Weapons
 a - a +1 dagger
 n - a +1 dagger of distortion (weapon)
Armour
 b - a +0 robe (worn)
Jewellery
 c - a +2 amulet of reflection (around neck)
 m - a ring of positive energy (left hand)
Scrolls
 f - a scroll of enchant armour {unknown}
 g - a scroll of identify {unknown}
 h - 2 scrolls of amnesia {unknown}
 i - 4 scrolls of remove curse {unknown}
 j - a scroll of blinking {unknown}
 k - 2 scrolls of teleportation {unknown}
 l - a scroll of immolation {unknown}
Potions
 e - 2 potions of curing {unknown}
Comestibles
 d - 7 rations


   Skills:
 - Level 0.7 Fighting
 - Level 2.1 Short Blades
 - Level 3.5 Dodging
 - Level 6.0 Stealth
 + Level 3.2 Spellcasting
 + Level 4.3 Hexes
 + Level 1.0 Ice Magic


You had 6 spell levels left.
You knew the following spells:

 Your Spells              Type           Power        Failure   Level  Hunger
a - Corona                Hex            ###....      2%          1    None
h - Ensorcelled Hibernat  Hex/Ice        ##....       8%          2    ##.....

Your spell library contained the following spells:

 Spells                   Type           Power        Failure   Level  Hunger
 Confusing Touch          Hex            ###.....     8%          3    ###....
 Tukima's Dance           Hex            ###.....     8%          3    ###....
 Dazzling Flash           Conj/Hex       ##....       19%         3    ###....


Dungeon Overview and Level Annotations

Branches:
Dungeon (4/15)
 Temple: D:4-7

Altars:


Innate Abilities, Weirdness & Mutations

You are very small and have problems with some larger weapons.
You are too small for most types of armour.
You have supernaturally acute eyesight. (SInv)
You are a herbivore.
You cover ground extremely quickly.
You need to consume almost no food.
You are surrounded by a mild repulsion field. (EV +2)
Your mind is acute. (Int +2)
Your magical capacity is low. (-10% MP)
You are robust. (+10% HP)


Message History

The orc resists with significant effort.
The orc hits you with a +0 flail.
Casting: Ensorcelled Hibernation (safe; 8% risk of failure)
Confirm with . or Enter, or press ? or * to list all spells.
Aiming: Ensorcelled Hibernation (safe; 8% risk of failure)
Press: ? - help, Shift-Dir - straight line, f/p - orc
Aim: an orc, wielding a +0 short sword (chance to defeat MR: 62%)
The orc resists with significant effort.
The orc hits you but does no damage.
Casting: Ensorcelled Hibernation (safe; 8% risk of failure)
Confirm with . or Enter, or press ? or * to list all spells.
You don't have enough magic to cast that spell.
Unknown command.
You hit the orc but do no damage. The orc completely misses you.
You hit the orc but do no damage.
Space warps horribly around the orc!
You kill the orc!
You hit the iguana but do no damage.
Space bends around the iguana.
The iguana is moderately wounded.
The orc hits you from afar with a +0 trident!
You die...

#.# #.#
#######.########
.(..............
######.########
#<# #.# #.#####
#.@lo.######
####o......#
#.......########
#...............
+......)........
########..>.....
#........
#........
#........


You could see an iguana and 2 orcs.

Vanquished Creatures
  5 adders
  An ooze (D:1)
  2 worms
  4 dart slugs
  A leopard gecko (D:1)
  3 orcs
  A ball python (D:1)
  8 bats
  3 giant cockroaches (D:1)
  4 goblins
  9 hobgoblins
  4 jackals (D:1)
  5 kobolds
  2 quokkas (D:3)
  4 frilled lizards
  6 rats
62 creatures vanquished.

Notes
Turn   | Place    | Note
-------+----------+-------------------------------------------
     0 | D:1      | Danqa the Spriggan Enchanter began the quest for the Orb.
     0 | D:1      | Reached XP level 1. HP: 9/9 MP: 5/5
   119 | D:1      | Reached skill level 5 in Stealth
   158 | D:1      | Reached XP level 2. HP: 8/13 MP: 6/6
   259 | D:1      | Learned a level 2 spell: Ensorcelled Hibernation
   964 | D:1      | Reached XP level 3. HP: 11/16 MP: 2/8
  1946 | D:2      | Reached XP level 4. HP: 14/21 MP: 6/9
  2284 | D:2      | Reached skill level 6 in Stealth
  2839 | D:2      | Gained mutation: Your magical capacity is low. (-10% MP)
                  | [potion of mutation]
  2839 | D:2      | Gained mutation: You are robust. (+10% HP) [potion of
                  | mutation]
  2839 | D:2      | Gained mutation: You are surrounded by a mild repulsion
                  | field. (EV +2) [potion of mutation]
  2839 | D:2      | Gained mutation: Your mind is acute. (Int +2) [potion of
                  | mutation]
  3203 | D:3      | Reached skill level 1 in Ice Magic
  3746 | D:4      | Slain by an orc

Levels and vault maps discovered:
D:1:      elethiomel_arrival_maze, layout_basic
D:2:      layout_loops_ring
D:3:      layout_rooms, first_ration, st_stairs_12
D:4:      layout_basic, tgw_sif, serial_shops, nicolae_shop_behind_doors

Skill      XL: |  1  2  3  4 |
---------------+-------------+-----
Stealth        | 5 6 |  6.0
Hexes          | 4 |  4.3
Short Blades   | 2 |  2.1
Spellcasting   | 3 |  3.2
Ice Magic      | 1 |  1.0
Fighting       | |  0.7
Dodging        | |  3.5

Action                   |  1- 3 |  4- 6 || total
-------------------------+-------+-------++-------
Melee: Dagger            |   161 |   126 ||   287
 Cast: Ensorcelled Hiber |    11 |    21 ||    32
       Corona            |     3 |       ||     3
  Use: Potion            |       |     3 ||     3
 Stab: Sleeping          |    17 |    12 ||    29
  Eat: Ration            |       |     1 ||     1
Armor: Robe              |    17 |    10 ||    27
Dodge: Dodged            |   138 |   128 ||   266
Block: Other             |       |     2 ||     2

Table legend:
 A = Non-vault XP
 B = Vault XP
 C = Vault XP percentage of total XP
 D = Non-vault monster count
 E = Vault monster count
 F = Vault count percentage of total count
                 A         B        C        D         E       F
            +---------+---------+-------+---------+---------+-------
      Total |     184 |       1 |   0.5 |      61 |       1 |   1.6
            +---------+---------+-------+---------+---------+-------
        D:1 |      64 |       0 |   0.0 |      31 |       0 |   0.0
        D:2 |      71 |       0 |   0.0 |      17 |       0 |   0.0
        D:3 |      43 |       1 |   2.3 |      11 |       1 |   8.3
        D:4 |       6 |       0 |   0.0 |       2 |       0 |   0.0
            +---------+---------+-------+---------+---------+-------
